 Dungeon Crawl Stone Soup version 0.28.0-45-g0d030f2227 (webtiles) character file.

Game seed: 7577979142749444351

22 DemonSlayer the Firebug (level 2, 0/19 HPs)
             Began as a Demonspawn Fire Elementalist on Apr 4, 2022.
             Slain by a frilled lizard (2 damage)
             ... on level 1 of the Dungeon.
             The game lasted 00:01:43 (760 turns).

DemonSlayer the Firebug (DsFE)                       Turns: 760, Time: 00:01:43

Health: 0/19       AC:  2    Str:  8    XL:     2   Next: 68%
Magic:  5/5        EV: 12    Int: 16    God:
Gold:   0          SH:  0    Dex: 13    Spells: 4/5 levels left

rFire   . . .      SeeInvis .   f - +0 short sword
rCold   . . .      Faith    .   (no shield)
rNeg    . . .      Spirit   .   a - +0 robe
rPois   .          Reflect  .   (no helmet)
rElec   .          Harm     .   (no cloak)
rCorr   .          Rampage  .   (no gloves)
Will    .....                   (no boots)
Stlth   ++........              (no amulet)
HPRegen 0.06/turn               (no ring)
MPRegen 0.09/turn               (no ring)

@: no status effects
A: foul stench 1
a: no special abilities


You were on level 1 of the Dungeon.
You visited 1 branch of the dungeon, and saw 1 of its levels.

Inventory:

Hand Weapons
 f - a +0 short sword (weapon)
Armour
 a - a +0 robe (worn)
Scrolls
 b - a scroll of vulnerability {unknown}
 c - a scroll of brand weapon {unknown}
Potions
 d - 2 potions of resistance {unknown}
 e - a potion of berserk rage {unknown}


   Skills:
 + Level 1.8 Dodging
 + Level 1.9 Stealth
 + Level 2.2 Spellcasting
 + Level 1.2 Conjurations
 + Level 3.2 Fire Magic


You had 4 spell levels left.
You knew the following spells:

 Your Spells              Type           Power      Damage    Failure   Level
a - Foxfire               Conj/Fire      32%        2x1d5     9%          1

Your spell library contained the following spells:

 Spells                   Type           Power      Damage    Failure   Level
 Scorch                   Fire           24%        2d6       9%          2
 Conjure Flame            Conj/Fire      8%         6-21      24%         3
 Inner Flame              Hex/Fire       6%         N/A       30%         3
 Flame Wave               Conj/Fire      8%         2d5       63%         4


Dungeon Overview and Level Annotations

Branches:
Dungeon (1/15)

Altars:


Innate Abilities, Weirdness & Mutations

You may rarely emit foul miasma when damaged in melee.


Message History

You hit the endoplasm.
The endoplasm is severely wounded.
The endoplasm hits you.
* * * LOW HITPOINT WARNING * * *
You emit a cloud of foul miasma!
You barely miss the endoplasm.
The endoplasm is severely wounded.
The endoplasm is engulfed in dark miasma.
You kill the endoplasm!
The kobold hits you but does no damage.
You completely miss the kobold. The kobold hits you but does no damage.
You closely miss the kobold. The kobold closely misses you.
You hit the kobold but do no damage. The kobold misses you.
You hit the kobold but do no damage. The kobold closely misses you.
You hit the kobold but do no damage. The kobold completely misses you.
You hit the kobold.
The kobold is severely wounded.
The kobold hits you with a +0 short sword.
* * * LOW HITPOINT WARNING * * *
You closely miss the kobold.
The kobold is severely wounded.
The kobold barely misses you.
You barely miss the kobold.
The kobold is severely wounded.
The kobold closely misses you.
You hit the kobold.
You kill the kobold!
The frilled lizard bites you but does no damage.
You closely miss the frilled lizard. The frilled lizard bites you.
* * * LOW HITPOINT WARNING * * *
You barely miss the frilled lizard.
The frilled lizard completely misses you.
You closely miss the frilled lizard. The frilled lizard barely misses you.
You hit the frilled lizard.
The frilled lizard is severely wounded.
The frilled lizard barely misses you.
You miss the frilled lizard.
The frilled lizard is severely wounded.
The frilled lizard bites you.
You die...

.##....#.........#.#
......^#######.###.#
>.........÷........#
............##.#####
............##.#
†#..........##.#
.#..........'..#
.#..........#############
..............rl@.......#
.............#########.##
.............#
............J#
............K#
............l#
+###########.#
........####r#
.....l.KJ....#


You could see a frilled lizard and a rat.

Vanquished Creatures
  A dart slug (D:1)
  3 ball pythons (D:1)
  A bat (D:1)
  2 endoplasms (D:1)
  2 giant cockroaches (D:1)
  A hobgoblin (D:1)
  2 quokkas (D:1)
  2 frilled lizards (D:1)
  4 kobolds (D:1)
  A rat (D:1)
19 creatures vanquished.

Vanquished Creatures (others)
  33 foxfires (D:1)
33 creatures vanquished.

Grand Total: 52 creatures vanquished

Notes
Turn   | Place    | Note
-------+----------+-------------------------------------------
     0 | D:1      | DemonSlayer the Demonspawn Fire Elementalist began the
                  | quest for the Orb.
     0 | D:1      | Reached XP level 1. HP: 13/13 MP: 3/3
   321 | D:1      | Reached skill level 3 in Fire Magic
   605 | D:1      | Gained mutation: You may rarely emit foul miasma when
                  | damaged in melee. [demonic ancestry]
   605 | D:1      | Reached XP level 2. HP: 19/19 MP: 0/5
   659 | D:1      | Found a faded altar of an unknown god.
   760 | D:1      | Slain by a frilled lizard

Illustrated notes

Levels and vault maps discovered:
D:1:      beargit_arrival_greenhouse, layout_basic,
          shapermc_ecumenical_altar_flowoftime, minmay_misc_feat_chi,
          minmay_nonomino_d4

Skill      XL: |  1 |
---------------+----+-----
Fire Magic     | 3 |  3.2
Dodging        | |  1.8
Stealth        | |  1.9
Spellcasting   | |  2.2
Conjurations   | |  1.2

Action                   || total
-------------------------++-------
Melee: Unarmed           ||     9
       Short sword       ||    36
 Cast: Foxfire           ||    22
Armor: Robe              ||    15
Dodge: Dodged            ||    44
